 Dungeon Crawl Stone Soup version 0.21.1-1-g345015f (webtiles) character file.

149 tidbits the Insei (level 5, 3/40 HPs)
             Began as a Gnoll Transmuter on Mar 21, 2018.
             Quit the game on level 4 of the Dungeon.
             The game lasted 00:08:35 (790 turns).

tidbits the Insei (Gnoll Transmuter)                 Turns: 790, Time: 00:08:35

Health: 3/40       AC:  2    Str: 12      XL:     5   Next: 31%
Magic:  12/12      EV: 15    Int: 15 (17) God:
Gold:   82         SH:  0    Dex: 15      Spells: 4/14 levels left

rFire    . . .     SeeInvis .     - Unarmed
rCold    . . .     Gourm    .   (no shield)
rNeg     . . .     Faith    .   b - +0 robe
rPois    .         Spirit   .   (no helmet)
rElec    .         Reflect  .   (no cloak)
rCorr    .         Harm     .   (no gloves)
MR       .....                  (no boots)
Stlth    +++.......             m - amulet of magic regeneration
HPRegen  0.13/turn              r - ring of stealth
MPRegen  0.38/turn              (no ring)

@: lethally poisoned (3 -> -2)
A: distributed training, fangs 1, strong nose
a: no special abilities


You were on level 4 of the Dungeon.
You were hungry.

You visited 1 branch of the dungeon, and saw 5 of its levels.

You collected 82 gold pieces.

Inventory:

Hand Weapons
 e - a cursed -3 dagger
 o - a +3 short sword
Missiles
 a - 10 arrows
 p - 5 tomahawks (quivered)
Armour
 b - a +0 robe (worn)
 l - a +0 ring mail
Jewellery
 m - an amulet of magic regeneration (around neck)
   (You found it on level 4 of the Dungeon)
 r - a ring of stealth (left hand)
   (You found it on level 4 of the Dungeon)
Scrolls
 f - a scroll of blinking {unknown}
 h - 2 scrolls of teleportation
 i - a scroll of fog {unknown}
 n - a scroll of enchant weapon
 q - 2 scrolls of enchant armour
Potions
 j - a potion of might
 k - a potion of haste
Books
 c - a book of Changes

   Spells                             Type                      Level
   a - Beastly Appendage              Transmutation                1
   b - Sticks to Snakes               Transmutation                2
   c - Spider Form                    Transmutation/Poison         3
   d - Ice Form                       Ice/Transmutation            4
   e - Blade Hands                    Transmutation                5
 s - a book of Air
   (You found it on level 4 of the Dungeon)

   Spells                             Type                      Level
   a - Shock                          Conjuration/Air              1
   b - Swiftness                      Charms/Air                   2
   c - Static Discharge               Conjuration/Air              3
   d - Airstrike                      Air                          4
   e - Lightning Bolt                 Conjuration/Air              5
Comestibles
 d - 4 rations


   Skills:
 + Level 2.9 Fighting
 + Level 1.4 Short Blades
 + Level 1.4 Long Blades
 + Level 1.4 Axes
 + Level 1.4 Maces & Flails
 + Level 1.4 Polearms
 + Level 1.4 Staves
 + Level 1.4 Slings
 + Level 1.4 Bows
 + Level 1.4 Crossbows
 + Level 1.4 Throwing
 + Level 1.4 Armour
 + Level 4.7 Dodging
 + Level 1.4 Stealth
 + Level 1.4 Shields
 + Level 6.7 Unarmed Combat
 + Level 5.2 Spellcasting
 + Level 1.1 Conjurations
 + Level 1.1 Hexes
 + Level 1.1 Charms
 + Level 1.1 Summonings
 + Level 1.1 Necromancy
 + Level 1.1 Translocations
 + Level 3.9 Transmutations
 + Level 1.1 Fire Magic
 + Level 1.1 Ice Magic
 + Level 1.1 Air Magic
 + Level 1.1 Earth Magic
 + Level 1.1 Poison Magic
 + Level 1.6 Invocations
 + Level 1.4 Evocations


You had 4 spell levels left.
You knew the following spells:

 Your Spells              Type           Power        Failure   Level  Hunger
e - Beastly Appendage     Tmut           ###...       3%          1    None
i - Ice Form              Ice/Tmut       ##......     50%         4    ####...
k - Sticks to Snakes      Tmut           ###.....     4%          2    ##.....
p - Spider Form           Tmut/Pois      ##........   17%         3    ###....


Dungeon Overview and Level Annotations

Branches:
Dungeon (5/15)
 Temple: D:4-7

Altars:
Ashenzari
Dithmenos
Qazlal


Innate Abilities, Weirdness & Mutations

Your experience applies equally to all skills.
You have very sharp teeth.
Your uncanny sense of smell can sniff out nearby items.


Message History

Your transformation is almost over.
Your ball python bites the iguana but does no damage.
Your ball python closely misses the iguana.
Your ball python bites the iguana but does no damage.
Your ball python grabs the iguana.
Your ball python constricts the iguana.
The iguana struggles to escape constriction.
The crimson imp summons a swarm of flies.
The crimson imp blinks!
The iguana struggles to escape constriction.
Your ball python bites the iguana but does no damage.
Your ball python constricts the iguana.
There is a stone staircase leading up here.
Your ball python bites the iguana.
Your ball python constricts the iguana.
The iguana struggles to escape constriction.
You climb upwards.
The gnoll shouts!
Found a ration.
There is a stone staircase leading down here.
Unknown command.
You see here a ration.
d - 4 rations (gained 1)
You hit the gnoll.
The gnoll is poisoned.
The gnoll is lightly wounded.
Your transformation has ended.
Your +0 robe unmelds from your body.
The gnoll hits you with a club.
* * * LOW HITPOINT WARNING * * *
Casting: Sticks to Snakes
Confirm with . or Enter, or press ? or * to list all spells.
You turn into a venomous arachnid creature.
Your +0 robe melds into your body.
The gnoll hits you but does no damage.
Unknown command.
You hit the gnoll.
The gnoll looks as sick as possible!
The gnoll is heavily wounded.
The gnoll closely misses you.
You bite the gnoll!
You kill the gnoll!
You see here a club.
There is a stone staircase leading down here.
Unknown command.
Okay, then.
Okay, then.
Unknown command.
Drop what? 19/52 slots (_ for help) (? for menu, Esc to quit)
You drop 2 potions of degeneration.
Your magical contamination has completely faded away.
Unknown command.
Casting: Spider Form
Confirm with . or Enter, or press ? or * to list all spells.
You create a snake!
You now have 10 arrows.
The gnoll shouts!
The adder hisses angrily.
Unknown command.
Your transformation is almost over.
Unknown command.
You bite the adder!
The adder is severely wounded.
The adder closely misses you. The gnoll barely misses you. The adder bites you.
* * * LOW HITPOINT WARNING * * *
You are poisoned.
The adder poisons you!
You barely miss the adder.
The adder is severely wounded.
You feel sick. The adder closely misses you.
You bite the adder!
You kill the adder!
You feel sick. The gnoll completely misses you.
You feel sick. The gnoll hits you with a halberd!
* * * LOW HITPOINT WARNING * * *
You hit the gnoll but do no damage.
The gnoll is poisoned.
* * * LOW HITPOINT WARNING * * *
You feel sick.
Your ball python closely misses the gnoll.
Your ball python barely misses the gnoll.
The gnoll closely misses you.
You bite the gnoll!
The gnoll looks as sick as possible!
The gnoll is severely wounded.
* * * LOW HITPOINT WARNING * * *
You feel sick.
Your ball python bites the gnoll but does no damage.
Your ball python grabs the gnoll.
Your ball python constricts the gnoll.
You hit the gnoll but do no damage.
The gnoll looks as sick as possible!
The gnoll is almost dead.
* * * LOW HITPOINT WARNING * * *
You feel sick.
Your ball python bites the gnoll but does no damage.
Your ball python constricts the gnoll.
The gnoll closely misses your ball python.
You catch the helpless gnoll completely off-guard!
You bite the gnoll!
You kill the gnoll!
You feel your strength returning.
Your transformation has ended.
Your +0 robe unmelds from your body.
* * * LOW HITPOINT WARNING * * *
You feel sick.
Things that are here:
a halberd; a gnoll corpse
Okay, then.
* * * LOW HITPOINT WARNING * * *
You feel sick.
Are you sure you want to abandon this character and quit the game? (Confirm with "yes".)

#..... .# ##....####.##
#...........##
##...>........##
#..#)#.........#
#..#.#.......# ..
#....#.......# ###.. ####
#......#..S)...# ....#
...###..........@....##..#.##
.....................#......#
.#...............?...#....#
.#.#.................#....#
...# ..........##......#
##.............#..##...## .
.#.... ...... .##.....# .. #
... ...... #.##..# ...
....... .##.##SS#


You could see a friendly ball python.

Vanquished Creatures
  An orc wizard (D:4)
  3 gnolls (D:4)
  4 adders
  A worm (D:3)
  3 dart slugs
  An orc (D:4)
  A ball python (D:3)
  4 giant cockroaches
  8 goblins
  2 hobgoblins (D:2)
  A quokka (D:2)
  3 bats
  3 frilled lizards
  4 kobolds
  4 rats (D:3)
43 creatures vanquished.

Vanquished Creatures (collateral kills)
  An adder (D:3)
1 creature vanquished.

Grand Total: 44 creatures vanquished

Notes
Turn   | Place    | Note
-------+----------+-------------------------------------------
     0 | D:1      | tidbits the Gnoll Transmuter began the quest for the Orb.
     0 | D:1      | Reached XP level 1. HP: 17/17 MP: 6/6
   110 | D:2      | Reached XP level 2. HP: 22/23 MP: 5/7
   114 | D:2      | Learned a level 2 spell: Sticks to Snakes
   242 | D:3      | Reached XP level 3. HP: 27/28 MP: 2/9
   247 | D:3      | Learned a level 3 spell: Spider Form
   255 | D:3      | Reached skill level 5 in Spellcasting
   299 | D:2      | Reached skill level 1 in Invocations
   368 | D:3      | Found a stormy altar of Qazlal.
   437 | D:2      | Reached skill level 1 in Short Blades
   437 | D:2      | Reached skill level 1 in Long Blades
   437 | D:2      | Reached skill level 1 in Axes
   437 | D:2      | Reached skill level 1 in Maces & Flails
   437 | D:2      | Reached skill level 1 in Polearms
   437 | D:2      | Reached skill level 1 in Staves
   437 | D:2      | Reached skill level 1 in Slings
   437 | D:2      | Reached skill level 1 in Bows
   437 | D:2      | Reached skill level 1 in Crossbows
   437 | D:2      | Reached skill level 1 in Throwing
   437 | D:2      | Reached skill level 1 in Armour
   437 | D:2      | Reached skill level 1 in Stealth
   437 | D:2      | Reached skill level 1 in Shields
   437 | D:2      | Reached skill level 1 in Evocations
   437 | D:2      | Reached XP level 4. HP: 8/34 MP: 1/11
   454 | D:2      | HP: 3/34 [poisoned by an adder]
   461 | D:2      | HP: 2/34 [poisoned by an adder]
   466 | D:2      | HP: 2/34 [poisoned by an adder]
   472 | D:2      | HP: 1/34 [poisoned by an adder]
   548 | D:3      | Found a shadowy altar of Dithmenos.
   664 | D:4      | Reached skill level 1 in Conjurations
   664 | D:4      | Reached skill level 1 in Hexes
   664 | D:4      | Reached skill level 1 in Charms
   664 | D:4      | Reached skill level 1 in Summonings
   664 | D:4      | Reached skill level 1 in Necromancy
   664 | D:4      | Reached skill level 1 in Translocations
   664 | D:4      | Reached skill level 1 in Fire Magic
   664 | D:4      | Reached skill level 1 in Ice Magic
   664 | D:4      | Reached skill level 1 in Air Magic
   664 | D:4      | Reached skill level 1 in Earth Magic
   664 | D:4      | Reached skill level 1 in Poison Magic
   699 | D:4      | Found a shattered altar of Ashenzari.
   699 | D:4      | Noticed a phantom
   712 | D:4      | Reached XP level 5. HP: 14/40 MP: 7/12
   719 | D:4      | Learned a level 4 spell: Ice Form
   749 | D:5      | Entered Level 5 of the Dungeon
   786 | D:4      | HP: 4/40 [poisoned by an adder]
   790 | D:4      | Quit the game

Skill      XL: |  1  2  3  4 |
---------------+-------------+-----
Spellcasting   | 5 |  5.2
Invocations    | 1 |  1.6
Short Blades   | 1 |  1.4
Long Blades    | 1 |  1.4
Axes           | 1 |  1.4
Maces & Flails | 1 |  1.4
Polearms       | 1 |  1.4
Staves         | 1 |  1.4
Slings         | 1 |  1.4
Bows           | 1 |  1.4
Crossbows      | 1 |  1.4
Throwing       | 1 |  1.4
Armour         | 1 |  1.4
Stealth        | 1 |  1.4
Shields        | 1 |  1.4
Evocations     | 1 |  1.4
Conjurations   | 1 |  1.1
Hexes          | 1 |  1.1
Charms         | 1 |  1.1
Summonings     | 1 |  1.1
Necromancy     | 1 |  1.1
Translocations | 1 |  1.1
Fire Magic     | 1 |  1.1
Ice Magic      | 1 |  1.1
Air Magic      | 1 |  1.1
Earth Magic    | 1 |  1.1
Poison Magic   | 1 |  1.1
Fighting       | |  2.9
Dodging        | |  4.7
Unarmed Combat | |  6.7
Transmutations | |  3.9

Action                   |  1- 3 |  4- 6 || total
-------------------------+-------+-------++-------
Melee: Unarmed           |    66 |    40 ||   106
       Kick              |     6 |       ||     6
       Headbutt          |     1 |     1 ||     2
       Bite              |     1 |     1 ||     2
 Cast: Beastly Appendage |    10 |     1 ||    11
       Sticks to Snakes  |     4 |     5 ||     9
       Spider Form       |     3 |     6 ||     9
  Use: Scroll            |       |     5 ||     5
       Potion            |       |     4 ||     4
 Stab: Sleeping          |     2 |     1 ||     3
       Distracted        |       |     1 ||     1
Armor: Robe              |     3 |     1 ||     4
       Skin              |       |     2 ||     2
Dodge: Dodged            |    42 |    37 ||    79

Table legend:
 A = Turns spent in this place as a percentage of turns spent in the entire game.
 B = Non-inter-level travel turns spent in this place as a percentage of non-inter-level travel turns spent in the entire game.
 C = Inter-level travel turns spent in this place as a percentage of turns spent in this place.
 D = Turns resting spent in this place as a percentage of non-inter-level travel turns spent in this place.
 E = Turns spent auto-exploring this place as a percentage of non-inter-level travel turns spent in this place.
 F = Non-inter-level travel turns spent in this place divided by the number of levels of this place that you've seen.
                   A       B       C       D       E      F
               +-------+-------+-------+-------+-------+----------------------
         Total | 100.0 | 100.0 |   0.0 |   0.0 |   0.0 | 158.0
       Dungeon | 100.0 | 100.0 |   0.0 |   0.0 |   0.0 | 158.0
               +-------+-------+-------+-------+-------+----------------------

Table legend:
 A = Kills in this place as a percentage of kills in entire the game.
 B = Kills by you in this place as a percentage of kills by you in the entire game.
 C = Kills by friends in this place as a percentage of kills by friends in the entire game.
 D = Other kills in this place as a percentage of other kills in the entire game.
 E = Experience gained in this place as a percentage of experience gained in the entire game.
 F = Experience gained in this place divided by the number of levels of this place that you have seen.
                   A       B       C       D       E      F
               +-------+-------+-------+-------+-------+----------------------
         Total | 100.0 | 100.0 | 100.0 |   N/A | 100.0 |  42.8
       Dungeon | 100.0 | 100.0 | 100.0 |   N/A | 100.0 |  42.8
               +-------+-------+-------+-------+-------+----------------------

Vault maps used:
D:1:      nzn_arrival_water_spiral
D:2:      first_ration, tso_altar
D:3:      nicolae_qazlal_eye_of_the_storm, nicolae_dithmenos_shadow_blocks,
          lexackson_kobold_supper
D:4:      old_standard_altar
D:5:      kennysheep_mini, basic_altar
